 Dungeon Crawl Stone Soup version 0.23-a0-338-g8ff0b24 (webtiles) character file.

2485 Garbasso the Chopper (level 9, -4/71 HPs)
             Began as a Demonspawn Fighter on Oct 18, 2018.
             Was a Believer of Makhleb.
             Killed by divine providence
             ... invoked by an orc priest
              (14 damage)
             ... on level 7 of the Dungeon.
             The game lasted 00:20:51 (7710 turns).

Garbasso the Chopper (Demonspawn Fighter)           Turns: 7710, Time: 00:20:51

Health: -4/71      AC: 15    Str: 16    XL:     9   Next: 27%
Magic:  0/10       EV:  3    Int: 12    God:    Makhleb [**....]
Gold:   217        SH: 11    Dex: 14    Spells: 8/8 levels left

rFire    . . .     SeeInvis .   a - +1 war axe
rCold    . . .     Gourm    .   c - +1 shield
rNeg     . . .     Faith    .   y - +0 plate armour
rPois    .         Spirit   +   (no helmet)
rElec    .         Reflect  .   (no cloak)
rCorr    .         Harm     .   z - +0 pair of gloves
MR       .....                  (no boots)
Stlth    ..........             v - amulet of rage
HPRegen  0.21/turn              p - ring of stealth
MPRegen  0.12/turn              (no ring)

@: no status effects
A: talons 2, molten scales 1, demonic guardian 1, magic shield
a: Minor Destruction, Renounce Religion, Evoke Berserk Rage


You were on level 7 of the Dungeon.
You worshipped Makhleb.
Makhleb was pleased with you.
You were not hungry.

You visited 1 branch of the dungeon, and saw 7 of its levels.

You collected 217 gold pieces.

Inventory:

Hand Weapons
 a - a +1 war axe (weapon)
 b - a +0 blowgun
Missiles
 e - 243 stones (quivered)
 t - 20 sling bullets
 u - 53 poisoned needles
Armour
 c - a +1 shield (worn)
 y - a +0 plate armour (worn)
 z - a +0 pair of gloves (worn)
Jewellery
 p - a ring of stealth (left hand)
 v - an amulet of rage (around neck)
 x - an uncursed ring of fire
Wands
 r - a wand of flame (4)
Scrolls
 g - a scroll of enchant weapon
 h - 3 scrolls of identify
 k - 5 scrolls of teleportation
 n - 5 scrolls of remove curse
 o - a scroll of blinking
 q - 2 scrolls of magic mapping
 A - a scroll of amnesia
Potions
 d - a potion of brilliance
 j - 2 potions of haste
 l - a potion of heal wounds
 m - a potion of magic
 s - a potion of curing
 w - a potion of agility
Comestibles
 f - 9 rations


   Skills:
 + Level 6.4 Fighting
 * Level 7.7 Axes
 + Level 4.8 Armour
 + Level 6.0 Shields
 + Level 2.2 Invocations


You had 8 spell levels left.
You didn't know any spells.
Your spell library was empty.

Dungeon Overview and Level Annotations

Branches:
Dungeon (7/15)             Temple (0/1) D:5

Altars:
Ashenzari
Cheibriados
Elyvilon
Makhleb
Qazlal
Zin

Annotations:
D:3 2 runed doors, TBriggs11TB's ghost, amateur HOFi
D:4 2 transporters, bli's ghost, amateur OpTm


Innate Abilities, Weirdness & Mutations

You have razor-sharp toenails.
You are partially covered in molten scales. (AC +2)
A weak demonic guardian rushes to your aid.
When hurt, damage is shared between your health and your magic reserves.


Message History

You kill the orc priest!
Makhleb accepts your kill.
Your Shields skill increases to level 6!
You block the orc priest's attack.
Press: ? - help, Shift-Dir - straight line, f - orc priest
Aim: an orc priest, wielding a +0 trident The orc priest resists with some effort.
You block the orc priest's attack.
The orc priest invokes the aid of Beogh against you.
Beogh smites you!
* * * LOW HITPOINT WARNING * * *
You see here a +0 whip.
You slash the orc priest! Your kick misses the orc priest.
The orc priest is almost dead.
You block the orc priest's attack.
You barely miss the orc priest.
The orc priest is almost dead.
The orc priest mumbles some strange prayers to Beogh against you.
Beogh smites you!
You die...

#...........#.............
#...........##......######
#...>.....####...#.# #...
#.........# ##+##.# #.##
#.8.....8.#####.##.###.##
#............##.##.......
##..#.######.##.######.##
#....######......####.#
####..)@.##.....)รท....#
#.###o##.#....###### #.#
#.##.#..#.# #..
..........#
#####.........#
##.####.#.# #.# #.#.# ..
#.#.# ..


You could see an orc priest.

Vanquished Creatures
  4 yaks
  Menkaure (D:5)
  An orc warrior (D:7)
  An ice beast (D:6)
  A sky beast (D:5)
  A phantom (D:5)
  An ogre (D:4)
  A big kobold (D:5)
  A bullfrog (D:7)
  A scorpion (D:4)
  A killer bee (D:7)
  5 wights (D:5)
  2 crimson imps
  2 hounds
  5 orc priests
  2 bullfrog skeletons (D:5)
  A centaur skeleton (D:4)
  3 orc wizards
  2 iguanas
  4 worker ants
  4 gnolls (D:2)
  8 adders
  3 oozes (D:2)
  2 worms
  A dart slug (D:3)
  5 leopard geckos
  19 orcs
  A giant cockroach (D:5)
  6 goblins
  11 hobgoblins
  19 jackals
  10 kobolds
  5 quokkas
  16 bats
  6 frilled lizards
  2 leopard gecko skeletons
  A leopard gecko zombie (D:7)
  13 rats
172 creatures vanquished.

Vanquished Creatures (collateral kills)
  A sky beast (D:6)
1 creature vanquished.

Grand Total: 173 creatures vanquished

Notes
Turn   | Place    | Note
-------+----------+-------------------------------------------
     0 | D:1      | Garbasso the Demonspawn Fighter began the quest for the
                  | Orb.
     0 | D:1      | Reached XP level 1. HP: 18/18 MP: 1/1
    20 | D:1      | Reached skill level 2 in Axes
   447 | D:1      | Gained mutation: You have sharp toenails. [demonic
                  | ancestry]
   447 | D:1      | Reached XP level 2. HP: 24/24 MP: 2/2
   680 | D:1      | Reached XP level 3. HP: 29/29 MP: 3/3
  1322 | D:2      | Reached skill level 3 in Axes
  1324 | D:2      | Gained mutation: When hurt, damage is shared between your
                  | health and your magic reserves. [demonic ancestry]
  1324 | D:2      | Reached XP level 4. HP: 18/35 MP: 4/4
  1759 | D:2      | Found a shattered altar of Ashenzari.
  1759 | D:2      | Found a burning altar of Makhleb.
  1762 | D:2      | Became a worshipper of Makhleb the Destroyer
  2064 | D:3      | Found a large runed door.
  2064 | D:3      | Found a large runed door.
  2070 | D:3      | Noticed TBriggs11TB's ghost (amateur HOFi)
  2078 | D:3      | Gained mutation: You have razor-sharp toenails. [demonic
                  | ancestry]
  2078 | D:3      | Reached XP level 5. HP: 38/42 MP: 5/5
  2413 | D:3      | HP: 2/42 [orc priest/divine providence (8)]
  2414 | D:3      | Reached skill level 4 in Axes
  2777 | D:3      | Found a white marble altar of Elyvilon.
  3129 | D:3      | Found a snail-covered altar of Cheibriados.
  3366 | D:3      | Reached * piety under Makhleb
  3452 | D:4      | Gained mutation: You are partially covered in molten
                  | scales. (AC +2) [demonic ancestry]
  3452 | D:4      | Reached XP level 6. HP: 40/48 MP: 4/6
  4083 | D:4      | Noticed bli's ghost (amateur OpTm)
  4094 | D:4      | Found a transporter.
  4341 | D:4      | Found a transporter.
  4386 | D:4      | Reached skill level 5 in Axes
  4635 | D:4      | Reached XP level 7. HP: 55/55 MP: 7/7
  4895 | D:5      | Entered Level 5 of the Dungeon
  4895 | D:5      | Noticed a yak
  4895 | D:5      | Noticed a yak
  4908 | D:4      | Killed a yak
  4908 | D:4      | Reached skill level 5 in Fighting
  4928 | D:4      | HP: 4/84 [yak (3)]
  4934 | D:4      | Killed a yak
  5149 | D:5      | Noticed a yak
  5151 | D:5      | Noticed a yak
  5173 | D:4      | Killed a yak
  5173 | D:4      | Reached skill level 6 in Axes
  5173 | D:4      | Reached XP level 8. HP: 43/62 MP: 6/8
  5371 | D:5      | Reached skill level 5 in Shields
  5606 | D:5      | Reached ** piety under Makhleb
  5650 | D:5      | You fall through a shaft!
  5661 | D:5      | Found a glowing silver altar of Zin.
  5917 | D:5      | Reached skill level 7 in Axes
  6183 | D:5      | Found a staircase to the Ecumenical Temple.
  6365 | D:5      | Noticed Menkaure
  6413 | D:5      | Killed Menkaure
  6413 | D:5      | Gained mutation: A weak demonic guardian rushes to your
                  | aid. [demonic ancestry]
  6413 | D:5      | Reached XP level 9. HP: 69/69 MP: 9/9
  6498 | D:5      | Reached skill level 1 in Invocations
  7348 | D:7      | Found a stormy altar of Qazlal.
  7710 | D:7      | Killed from afar by an orc priest

Vault maps used:
D:1:      scummos_arrival_hexagon, minmay_misc_feat_rows
D:2:      gammafunk_temple_overflow_elements
D:3:      kennysheep_slug_shrine, lemuel_crystal_altar, first_ration,
          serial_glass, glass_columns_b, glass_columns_a, glass_columns_a,
          glass_columns_a, glass_columns_a, glass_columns_c,
          ebering_ghost_disaster_area, minmay_misc_feat_room
D:4:      gammafunk_ghost_arena
D:5:      zin_academy, temple_doors_cd, kennysheep_small_spiral,
          skrybe_limestone_x, uniq_menkaure
D:6:      minmay_item_behind_shaft, minmay_misc_feat_x
D:7:      old_standard_altar, grunt_qazlal_sundering, serial_shops,
          nicolae_shop_statue_plus, st_stairs_1

Skill      XL: |  1  2  3  4  5  6  7  8  9 |
---------------+----------------------------+-----
Axes           | 2 3 4 5 6 7 |  7.7
Shields        | 3 4 5 6 |  6.0
Fighting       | 4 5 6 |  6.4
Armour         | 3 4 |  4.8
Invocations    | 2 |  2.2

Action                   |  1- 3 |  4- 6 |  7- 9 || total
-------------------------+-------+-------+-------++-------
Melee: War axe           |   101 |   242 |   250 ||   593
       Kick              |    15 |    56 |    72 ||   143
 Fire: Blowgun           |       |    36 |     2 ||    38
Throw: Stone             |     7 |     8 |     1 ||    16
Invok: Minor Destruction |       |       |    20 ||    20
Evoke: Wand              |       |       |     7 ||     7
  Use: Scroll            |       |     6 |    10 ||    16
       Potion            |       |     3 |     2 ||     5
  Eat: Chunk             |     1 |    11 |     4 ||    16
       Ration            |       |       |     2 ||     2
Armor: Scale mail        |    51 |    53 |       ||   104
       Chain mail        |       |    87 |       ||    87
       Skin              |       |       |    14 ||    14
       Plate armour      |       |       |   136 ||   136
Dodge: Dodged            |    27 |    53 |    20 ||   100
Block: Shield            |    58 |   118 |   134 ||   310

Table legend:
 A = Non-vault XP
 B = Vault XP
 C = Vault XP percentage of total XP
 D = Non-vault monster count
 E = Vault monster count
 F = Vault count percentage of total count
                 A         B        C        D         E       F
            +---------+---------+-------+---------+---------+-------
      Total |    3328 |     222 |   6.3 |     169 |       4 |   2.3
            +---------+---------+-------+---------+---------+-------
        D:1 |      49 |       0 |   0.0 |      31 |       0 |   0.0
        D:2 |     143 |       0 |   0.0 |      37 |       0 |   0.0
        D:3 |     175 |       4 |   2.2 |      25 |       1 |   3.8
        D:4 |    1081 |       0 |   0.0 |      28 |       0 |   0.0
        D:5 |    1335 |     172 |  11.4 |      35 |       1 |   2.8
        D:6 |     283 |       0 |   0.0 |       6 |       0 |   0.0
        D:7 |     262 |      46 |  14.9 |       7 |       2 |  22.2
            +---------+---------+-------+---------+---------+-------
